 Dungeon Crawl Stone Soup version 0.31-a0-986-g5e6e4ef867 (webtiles) character file.

Game seed: 13642832893688240205

84 jlumianski the Ruffian (level 4, -2/34 HPs)
             Began as a Gnoll Shapeshifter on Nov 19, 2023.
             Slain by Grinder (3 damage)
             ... on level 3 of the Dungeon.
             The game lasted 00:06:05 (1905 turns).

jlumianski the Ruffian (Gnoll Shapeshifter)         Turns: 1905, Time: 00:06:06

Health: -2/34      AC:  5    Str: 15    XL:     4   Next: 46%
Magic:  5/5        EV: 12    Int: 10    God:
Gold:   91         SH:  0    Dex: 11    Spells: 5/5 levels left

rFire   + .          .
                       - Unarmed
rCold   . . .        (no shield)
rNeg    . . .        t - +2 leather armour {rF+}
rPois   .            (helmet currently unavailable)
rElec   .            (cloak currently unavailable)
rCorr   .            (gloves currently unavailable)
SInv    .            (boots currently unavailable)
Will    .....        i - amulet of the acrobat
Stlth   +            (no ring)
HPRegen 0.25/turn    (no ring)
MPRegen 0.09/turn

%: acrobat
@: beast-form
A: beast (slay +3), fangs 1, strong nose, distributed training
a: Begin Untransformation


You were on level 3 of the Dungeon.
You were a hulking beast.
You visited 1 branch of the dungeon, and saw 3 of its levels.

You collected 91 gold pieces.

Inventory:

Missiles
 h - 5 poisoned darts (quivered)
Armour
 a - a +0 animal skin
 f - a +0 ring mail
 t - a +2 leather armour of fire resistance (worn)
Jewellery
 i - an amulet of the acrobat (around neck)
 j - a ring of ice
 n - a ring of fire
Talismans
 c - a beast talisman
 d - a flux talisman
Scrolls
 e - a scroll of fog {unknown}
 g - a scroll of fear {unknown}
 m - 2 scrolls of revelation {unknown}
 o - 2 scrolls of vulnerability
 p - a scroll of noise {unknown}
 r - a scroll of identify {unknown}
 s - a scroll of enchant armour {unknown}
Potions
 b - a potion of lignification
 k - a potion of might {unknown}
 l - 2 potions of enlightenment {unknown}
 q - a potion of brilliance {unknown}
 u - a potion of invisibility {unknown}
 v - 2 potions of curing {unknown}


   Skills:
 + Level 2.8 Fighting
 + Level 1.2 Short Blades
 + Level 1.2 Long Blades
 + Level 1.2 Axes
 + Level 1.2 Maces & Flails
 + Level 1.2 Polearms
 + Level 1.2 Staves
 + Level 1.2 Ranged Weapons
 + Level 1.2 Throwing
 + Level 1.2 Armour
 + Level 4.6 Dodging
 + Level 1.2 Stealth
 + Level 1.2 Shields
 + Level 6.6 Unarmed Combat
 + Level 1.2 Spellcasting
 + Level 1.0 Conjurations
 + Level 1.0 Hexes
 + Level 1.0 Summonings
 + Level 1.0 Necromancy
 + Level 1.0 Translocations
 + Level 1.0 Transmutations
 + Level 1.0 Fire Magic
 + Level 1.0 Ice Magic
 + Level 1.0 Air Magic
 + Level 1.0 Earth Magic
 + Level 1.0 Poison Magic
 + Level 1.3 Invocations
 + Level 1.2 Evocations
 + Level 6.5 Shapeshifting


You had 5 spell levels left.
You didn't know any spells.
Your spell library contained the following spells:

 Spells                   Type           Power      Damage    Failure   Level
 Foxfire                  Conj/Fire      8%         2x1d4     28%         1
 Plasma Beam              Fire/Air       1%         2x1d11    100%        6
 Starburst                Conj/Fire      1%         6d3       100%        6


Dungeon Overview and Level Annotations

Branches:
Dungeon (3/15)

Altars:

Annotations:
D:3 Grinder


Innate Abilities, Weirdness & Mutations

You are a hulking beast.
Your limbs bulge with bestial killing power. (Slay +3)
You have very sharp teeth.
Your uncanny sense of smell can sniff out nearby items.
Your experience applies equally to all skills.


Message History

There is a stone staircase leading down here.
You climb downwards.
There is a stone staircase leading up here.
You see here a +0 flail.
There is a stone staircase leading down here.
You climb downwards.
There is a stone staircase leading up here.
A rat comes into view.
Found 10 gold pieces and a pearl ring.
Grinder comes into view.
Grinder shouts!
The rat completely misses you.
You punch the rat!
You kill the rat!
You see here a rat corpse.
Grinder hits you.
You punch Grinder! You bite Grinder.
Grinder is moderately wounded.
Grinder hits you!
You writhe in agony.
You hit Grinder. You bite Grinder.
Grinder is heavily wounded.
Grinder hits you but does no damage.
You closely miss Grinder.
Grinder is heavily wounded.
Grinder hits you.
You punch Grinder! You bite Grinder, but do no damage.
Grinder is severely wounded.
Grinder hits you.
You writhe in agony.
* * * LOW HITPOINT WARNING * * *
You hit Grinder. You bite Grinder, but do no damage.
Grinder is severely wounded.
Grinder hits you.
* * * LOW HITPOINT WARNING * * *
You writhe in agony.
* * * LOW HITPOINT WARNING * * *
You punch Grinder!
Grinder is almost dead.
Grinder hits you.
You die...
Grinder says, "Now the real fun starts!"

..... ##.# ..... ...#
.... ##.# ♣...♣♣ #.#
####### ♣♣=....♣♣ ##.#
#.....## ♣♣.$.....♣ ...#
#......##♣...≈~≈...
######..........5≈≈~≈≈..
................h~~♣~~..
##.###........†..≈≈~≈≈..
##.# #..<...#.....≈~≈...
##.# #########.........#
##.# ##.......## .#.#
##....### .#.# ######
.#.# ..


You could see Grinder.

Vanquished Creatures
  3 adders (D:2)
  2 worms (D:2)
  A dart slug (D:1)
  4 orcs
  5 ball pythons
  3 bats
  3 endoplasms (D:2)
  4 giant cockroaches
  2 goblins
  3 hobgoblins (D:2)
  3 jackals (D:1)
  3 quokkas
  A kobold (D:2)
  5 rats
42 creatures vanquished.

Notes
Turn   | Place    | Note
-------+----------+-------------------------------------------
     0 | D:1      | jlumianski the Gnoll Shapeshifter began the quest for the
                  | Orb.
     0 | D:1      | Reached XP level 1. HP: 17/17 MP: 1/1
   149 | D:2      | Reached XP level 2. HP: 23/23 MP: 2/2
   380 | D:1      | Reached XP level 3. HP: 26/28 MP: 3/3
   737 | D:2      | Reached skill level 1 in Invocations
   958 | D:2      | Reached skill level 1 in Short Blades
   958 | D:2      | Reached skill level 1 in Long Blades
   958 | D:2      | Reached skill level 1 in Axes
   958 | D:2      | Reached skill level 1 in Maces & Flails
   958 | D:2      | Reached skill level 1 in Polearms
   958 | D:2      | Reached skill level 1 in Staves
   958 | D:2      | Reached skill level 1 in Ranged Weapons
   958 | D:2      | Reached skill level 1 in Throwing
   958 | D:2      | Reached skill level 1 in Armour
   958 | D:2      | Reached skill level 1 in Stealth
   958 | D:2      | Reached skill level 1 in Shields
   958 | D:2      | Reached skill level 1 in Spellcasting
   958 | D:2      | Reached skill level 1 in Evocations
  1008 | D:2      | Reached XP level 4. HP: 31/34 MP: 5/5
  1698 | D:1      | Reached skill level 1 in Conjurations
  1698 | D:1      | Reached skill level 1 in Hexes
  1698 | D:1      | Reached skill level 1 in Summonings
  1698 | D:1      | Reached skill level 1 in Necromancy
  1698 | D:1      | Reached skill level 1 in Translocations
  1698 | D:1      | Reached skill level 1 in Transmutations
  1698 | D:1      | Reached skill level 1 in Fire Magic
  1698 | D:1      | Reached skill level 1 in Ice Magic
  1698 | D:1      | Reached skill level 1 in Air Magic
  1698 | D:1      | Reached skill level 1 in Earth Magic
  1698 | D:1      | Reached skill level 1 in Poison Magic
  1893 | D:3      | Noticed Grinder
  1904 | D:3      | HP: 1/34 [Grinder (4)]
  1905 | D:3      | Slain by Grinder

Illustrated notes

Levels and vault maps discovered:
D:1:      minmay_arrival_stair_chambers, layout_loops_corners
D:2:      layout_loops_ring, feat_on_display
D:3:      layout_basic, elyvilon_altar_3, serial_shops,
          nicolae_shop_statue_plus, uniq_grinder

Skill      XL: |  1  2  3  4 |
---------------+-------------+-----
Invocations    | 1 |  1.3
Short Blades   | 1 |  1.2
Long Blades    | 1 |  1.2
Axes           | 1 |  1.2
Maces & Flails | 1 |  1.2
Polearms       | 1 |  1.2
Staves         | 1 |  1.2
Ranged Weapons | 1 |  1.2
Throwing       | 1 |  1.2
Armour         | 1 |  1.2
Stealth        | 1 |  1.2
Shields        | 1 |  1.2
Spellcasting   | 1 |  1.2
Evocations     | 1 |  1.2
Conjurations   | 1 |  1.0
Hexes          | 1 |  1.0
Summonings     | 1 |  1.0
Necromancy     | 1 |  1.0
Translocations | 1 |  1.0
Transmutations | 1 |  1.0
Fire Magic     | 1 |  1.0
Ice Magic      | 1 |  1.0
Air Magic      | 1 |  1.0
Earth Magic    | 1 |  1.0
Poison Magic   | 1 |  1.0
Fighting       | |  2.8
Dodging        | |  4.6
Unarmed Combat | |  6.6
Shapeshifting  | |  6.5

Action                     |  1- 3 |  4- 6 || total
---------------------------+-------+-------++-------
  Melee: Unarmed           |    63 |    28 ||    91
         Bite              |     4 |     7 ||    11
         Punch             |     3 |       ||     3
    Use: Scroll            |     1 |       ||     1
 Armour: Animal skin       |     6 |       ||     6
         Ring mail         |    18 |     3 ||    21
         Leather armour    |       |     8 ||     8
  Dodge: Dodged            |    42 |    20 ||    62

Table legend: (Time is in decaauts)
 A = Elapsed time spent in this place.
 B = Non-inter-level travel time spent in this place.
 C = Inter-level travel time spent in this place.
 D = Time resting spent in this place.
 E = Time spent auto-exploring this place.
 F = Levels seen in this place.
 G = Mean time per level.
                   A        B        C        D        E       F      G
               +--------+--------+--------+--------+--------+-----+--------+
         Total |   1895 |   1809 |     86 |     31 |    949 |   3 |  631.7 |
       Dungeon |   1895 |   1809 |     86 |     31 |    949 |   3 |  631.7 |
               +--------+--------+--------+--------+--------+-----+--------+

Top non-repeatable levels by time:
     D:2: 982 daAuts
     D:1: 776 daAuts
     D:3: 136 daAuts
